 Dungeon Sprint DCSS version 0.21-a0-270-g8204059 (webtiles) character file.

64 Kidiri the Magician (level 3, 0/19 HPs)
             Began as a Deep Elf Fire Elementalist on Sept 13, 2017.
             Slain by a water elemental (19 damage)
             ... in the Dungeon (Sprint III: "The Ten Rune Challenge").
             The game lasted 00:01:58 (489 turns).

Kidiri the Magician (Deep Elf Fire Elementalist)     Turns: 489, Time: 00:01:58

Health: 0/19       AC:  3    Str:  5    XL:     3   Next: 91%
Magic:  10/14      EV: 13    Int: 20    God:
Gold:   31         SH:  0    Dex: 13    Spells: 8/17 levels left

rFire    . . .     SeeInvis +   (no weapon)
rCold    . . .     Gourm    .   (no shield)
rNeg     . . .     Faith    .   a - +0 robe
rPois    .         Spirit   .   (helmet restricted)
rElec    .         Reflect  .   (no cloak)
rCorr    .         Harm     .   (no gloves)
MR       .....     NoTele   +   (no boots)
Stlth    ++........             (no amulet)
HPRegen  0.06/turn              (no ring)
MPRegen  0.14/turn              (no ring)

@: no status effects
A: beak, rugged brown scales 1, see invisible, clumsy 1, screaming 1
a: no special abilities


You were in the Dungeon.
You were not hungry.

You visited 1 branch You collected 31 gold pieces.

Inventory:

Armour
 a - a +0 robe (worn)
Scrolls
 i - a scroll of blinking
 l - a scroll of immolation
 n - 2 scrolls of remove curse
 q - a scroll of torment
Potions
 d - a potion of curing
 e - a potion of heal wounds
 f - a potion of haste
 g - 2 potions of magic
 h - a potion of berserk rage
 p - 4 potions of flight
Books
 b - a book of Flames

   Spells                             Type                      Level
   a - Flame Tongue                   Conjuration/Fire             1
   b - Throw Flame                    Conjuration/Fire             2
   c - Conjure Flame                  Conjuration/Fire             3
   d - Inner Flame                    Hexes/Fire                   3
   e - Sticky Flame                   Conjuration/Fire             4
   f - Fireball                       Conjuration/Fire             5
Comestibles
 c - a bread ration
 o - 2 royal jellies


   Skills:
 - Level 2.4 Dodging
 - Level 2.4 Stealth
 * Level 7.7 Spellcasting
 + Level 4.1 Conjurations
 + Level 5.3 Fire Magic


You had 8 spell levels left.
You knew the following spells:

 Your Spells              Type           Power        Failure   Level  Hunger
a - Flame Tongue          Conj/Fire      ####.        1%          1    None
b - Throw Flame           Conj/Fire      ####..       1%          2    None
c - Conjure Flame         Conj/Fire      ####....     3%          3    None
d - Inner Flame           Hex/Fire       ###.....     9%          3    None


Dungeon Overview and Level Annotations

Branches:
Dungeon (1/1)

Altars:


Innate Abilities, Weirdness & Mutations

You have a beak for a mouth.
You are partially covered in rugged brown scales. (AC +1, +3% HP)
You have supernaturally acute eyesight. (SInv)
You are clumsy. (Dex -2)
You occasionally shout uncontrollably at your foes.


Message History

Okay, then.
You open the door.
You shout at the water elemental!
A water elemental comes into view.
The water elemental moves out of view.
Casting: Flame Tongue
Confirm with . or Enter, or press ? or * to list all spells.
Aiming: Conjure Flame
Press: ? - help, Dir - move target cursor The fire ignites!
Casting: Conjure Flame
Confirm with . or Enter, or press ? or * to list all spells.
Aiming: Flame Tongue
Press: ? - help, Shift-Dir - straight line, f - water elemental
Aim: a water elemental (flame)
The flame tongue hits the water elemental.
The water elemental appears unharmed.
The water elemental is engulfed in blazing flames.
The water elemental hits you!!
Ouch! That really hurt!
You die...

▓▓▓▓▓▓▓▓ ▓▓▓ <..#...####
##.# ...#......#####..#
..##..[....#..#..#
##.##.##...#..#..###+#+#
##.##.###..##+#..#......
#.####.##..###...E.⌠....
.###÷.##..####..@#
#.....##..###....#
###..##...##.....#
##..##....#......#
#..###..##.#.....# #[.#
#..#####....# ▓▓▓▓ ▓▓▓▓
▓▓▓▓▓▓


You could see a water elemental.

Vanquished Creatures
  Jessica (D)
  A human (D)
  A wolf (D)
  An ooze (D)
  2 rats (D)
6 creatures vanquished.

Vanquished Creatures (others)
  2 draconian scorchers (D)
  6 hellions (D)
  A yaktaur (D)
  4 plants (D)
13 creatures vanquished.

Grand Total: 19 creatures vanquished

Notes
Turn   | Place    | Note
-------+----------+-------------------------------------------
     0 | D        | Kidiri the Deep Elf Fire Elementalist began the quest for the Orb.
     0 | D        | Reached XP level 1. HP: 10/10 MP: 6/6
    12 | D        | Reached skill level 4 in Spellcasting
    65 | D        | Noticed Jessica
    68 | D        | Killed a hellion
    74 | D        | Killed Jessica
    74 | D        | Reached skill level 6 in Spellcasting
    74 | D        | Reached XP level 2. HP: 15/15 MP: 4/11
    74 | D        | Reached XP level 3. HP: 19/19 MP: 4/12
    78 | D        | Learned a level 2 spell: Throw Flame
    82 | D        | Learned a level 3 spell: Conjure Flame
    86 | D        | Learned a level 3 spell: Inner Flame
   133 | D        | Killed a hellion
   134 | D        | Killed a hellion
   147 | D        | Killed a yaktaur
   156 | D        | Reached skill level 7 in Spellcasting
   156 | D        | Reached skill level 5 in Fire Magic
   167 | D        | Killed a white draconian scorcher
   189 | D        | Killed a hellion
   195 | D        | Killed a hellion
   199 | D        | Killed a white draconian scorcher
   251 | D        | Killed a hellion
   343 | D        | Gained mutation: You have large cloven feet. [potion of mutation]
   343 | D        | Gained mutation: You tend to lose your temper in combat. [potion of mutation]
   343 | D        | Gained mutation: Your mind is acute. (Int +2) [potion of mutation]
   344 | D        | Lost mutation: You tend to lose your temper in combat. [potion of mutation]
   344 | D        | Lost mutation: You have large cloven feet. [potion of mutation]
   344 | D        | Lost mutation: Your mind is acute. (Int +2) [potion of mutation]
   344 | D        | Gained mutation: You have a pair of small antennae on your head. [potion of mutation]
   344 | D        | Gained mutation: You are robust. (+10% HP) [potion of mutation]
   345 | D        | Lost mutation: You have a pair of small antennae on your head. [potion of mutation]
   345 | D        | Lost mutation: You are robust. (+10% HP) [potion of mutation]
   345 | D        | Gained mutation: You expend magic power (3 MP) to strengthen your wands. [potion of mutation]
   345 | D        | Gained mutation: You are partially covered in rugged brown scales. (AC +1, +3% HP) [potion of mutation]
   345 | D        | Gained mutation: You evolve. [potion of mutation]
   345 | D        | Gained mutation: You possess an exceptional clarity of mind. [potion of mutation]
   346 | D        | Lost mutation: You expend magic power (3 MP) to strengthen your wands. [potion of mutation]
   346 | D        | Lost mutation: You evolve. [potion of mutation]
   346 | D        | Gained mutation: You occasionally shout uncontrollably at your foes. [potion of mutation]
   346 | D        | Gained mutation: Your system is resistant to poisons. (rPois) [potion of mutation]
   350 | D        | Lost mutation: You possess an exceptional clarity of mind. [potion of mutation]
   350 | D        | Lost mutation: Your system is resistant to poisons. (rPois) [potion of mutation]
   350 | D        | Gained mutation: You have supernaturally acute eyesight. (SInv) [potion of mutation]
   350 | D        | Gained mutation: You are clumsy. (Dex -2) [potion of mutation]
   350 | D        | Gained mutation: You have a beak for a mouth. [potion of mutation]
   487 | D        | Noticed a water elemental
   489 | D        | Slain by a water elemental

Vault maps used:
D:        dungeon_sprint_mu

Skill      XL: |  1  2  3 |
---------------+----------+-----
Spellcasting   | 6 7 |  7.7
Conjurations   | 3 4 |  4.1
Fire Magic     | 4 5 |  5.3
Dodging        | |  2.4
Stealth        | |  2.4

Action                   || total
-------------------------++-------
 Cast: Flame Tongue      ||    19
       Conjure Flame     ||     1
  Use: Potion            ||     5
       Scroll            ||     3
Armor: Robe              ||     1
Dodge: Dodged            ||     3

Table legend:
 A = Spawn XP
 B = Non-spawn XP
 C = Spawn XP percentage of total XP
 D = Spawn monster count
 E = Non-spawn monster count
 F = Spawn count percentage of total count
 G = Total turns spent on level
                    A         B        C        D         E        F      G
               +---------+---------+-------+---------+---------+-------+---------
         Total |       0 |      92 |   0.0 |       0 |       6 |   0.0 |   489
               +---------+---------+-------+---------+---------+-------+---------
             D |       0 |      92 |   0.0 |       0 |       6 |   0.0 |   489
               +---------+---------+-------+---------+---------+-------+---------
